 Dungeon Crawl Stone Soup version 0.23.1 (webtiles) character file.

Game seed: 15407996923126052061

427 Fang the Skirmisher (level 6, -1/40 HPs)
             Began as a Gargoyle Berserker on Mar 13, 2019.
             Was a Priest of Trog.
             Slain by a bullfrog (4 damage)
             ... on level 6 of the Dungeon.
             The game lasted 00:03:42 (3027 turns).

Fang the Skirmisher (Gargoyle Berserker)            Turns: 3027, Time: 00:03:42

Health: -1/40      AC:  6    Str: 22    XL:     6   Next: 97%
Magic:  6/6        EV: 13    Int:  8    God:    Trog [***...]
Gold:   156        SH:  0    Dex:  9    Spells: 5/5 levels left

rFire    . . .     SeeInvis .   a - +0 hand axe
rCold    . . .     Gourm    .   (no shield)
rNeg     + . .     Faith    .   b - +0 animal skin
rPois    ∞         Spirit   .   (no helmet)
rElec    +         Reflect  .   (no cloak)
rCorr    .         Harm     .   (no gloves)
MR       ++...                  (no boots)
Stlth    +.........             (no amulet)
HPRegen  1.13/turn              (no ring)
MPRegen  0.10/turn              (no ring)

@: berserk cooldown, regenerating, slowed, very slow
A: negative energy resistance 1, electricity resistance, unbreathing,
petrification resistance, rot immunity, AC +4
a: Berserk, Trog's Hand, Renounce Religion


You were on level 6 of the Dungeon.
You worshipped Trog.
Trog was most pleased with you.
You were near starving.

You visited 1 branch of the dungeon, and saw 5 of its levels.

You collected 156 gold pieces.

Inventory:

Hand Weapons
 a - a +0 hand axe (weapon)
Armour
 b - a +0 animal skin (worn)
Scrolls
 e - a scroll of identify {unknown}
 f - a scroll of enchant armour {unknown}
 g - a scroll of noise {unknown}
 h - 2 scrolls of teleportation {unknown}
 j - a scroll of remove curse {unknown}
 n - 2 scrolls of amnesia {unknown}
 o - 2 scrolls of immolation {unknown}
Potions
 i - a potion of curing {unknown}
 k - 2 potions of mutation {unknown}
 l - a potion of magic {unknown}
 m - 3 potions of heal wounds {unknown}
 p - a potion of might {unknown}
Comestibles
 c - 6 rations
 d - 2 chunks of flesh


   Skills:
 + Level 5.0 Fighting
 + Level 4.1 Axes
 + Level 4.3 Armour
 + Level 3.2 Dodging


You had 5 spell levels left.
You didn't know any spells.
Your spell library was empty.

Dungeon Overview and Level Annotations

Branches:
Dungeon (4/15)
 Temple: D:4-7

Altars:
Nemelex Xobeh
Trog


Innate Abilities, Weirdness & Mutations

You are resistant to torment.
Your stone body is resilient. (AC +4)
You are immune to poison.
You resist negative energy. (rN+)
You are resistant to electric shocks. (rElec)
You can survive without breathing.
You are immune to petrification.
You are immune to rotting.


Message History

The bullfrog hits you but does no damage.
The hound bites you.
* * * LOW HITPOINT WARNING * * *
The hound misses you. The bullfrog barely misses you. The hound misses you.
The bullfrog closely misses you. The hound misses you.
The bullfrog snags a nearby blue-tailed skink with its tongue.
The bullfrog hits you.
* * * LOW HITPOINT WARNING * * *
The hound closely misses you. The bullfrog hits you.
* * * LOW HITPOINT WARNING * * *
The hound closely misses you. The bullfrog hits you.
* * * LOW HITPOINT WARNING * * *
The hound bites you.
* * * LOW HITPOINT WARNING * * *
The bullfrog misses you. The hound bites you.
* * * LOW HITPOINT WARNING * * *
The bullfrog hits you.
You die...

## ##. #### #..
##..#######
#..##.........#
#.......@....#
#......hF.###...
.####.........#
.......†......#
#..............#
##.........###..#
#.........## #.#
...######## #..
..# #..


You could see a bullfrog and a hound.

Vanquished Creatures
  A howler monkey (D:4)
  A hound (D:6)
  A gnoll shaman (D:4)
  An iguana (D:4)
  Natasha (thrice) (D:3)
  9 adders
  4 gnolls (D:4)
  An ooze (D:2)
  4 worms (D:2)
  2 dart slugs (D:1)
  A leopard gecko (D:2)
  2 orcs
  A giant cockroach (D:3)
  9 goblins
  15 hobgoblins
  8 jackals
  A ball python (D:3)
  6 bats
  9 frilled lizards
  11 kobolds
  6 rats
96 creatures vanquished.

Notes
Turn   | Place    | Note
-------+----------+-------------------------------------------
     0 | D:1      | Fang the Gargoyle Berserker began the quest for the Orb.
     0 | D:1      | Reached XP level 1. HP: 14/14 MP: 1/1
   351 | D:1      | Reached XP level 2. HP: 19/19 MP: 2/2
   566 | D:1      | Reached XP level 3. HP: 23/23 MP: 3/3
   683 | D:2      | Reached ** piety under Trog
  1065 | D:2      | Reached XP level 4. HP: 22/29 MP: 4/4
  1213 | D:2      | Reached skill level 4 in Fighting
  1651 | D:2      | Found a sparkling altar of Nemelex Xobeh.
  1839 | D:3      | Reached XP level 5. HP: 20/33 MP: 5/5
  2154 | D:3      | Noticed Natasha
  2168 | D:3      | Reached *** piety under Trog
  2176 | D:3      | Killed Natasha
  2314 | D:3      | Found a bloodstained altar of Trog.
  2513 | D:3      | Noticed Natasha
  2524 | D:3      | Killed Natasha
  2533 | D:3      | Noticed Natasha
  2541 | D:3      | Killed Natasha
  2541 | D:3      | Reached XP level 6. HP: 31/39 MP: 6/6
  2614 | D:4      | Found a sand-covered staircase.
  2681 | D:4      | HP: 3/60 [gnoll/+0 whip (4)]
  3004 | D:4      | You fall through a shaft for 2 floors!
  3013 | D:6      | Reached skill level 5 in Fighting
  3026 | D:6      | HP: 2/40 [hound (1)]
  3027 | D:6      | Slain by a bullfrog

Skill      XL: |  1  2  3  4  5  6 |
---------------+-------------------+-----
Axes           | 3 4 |  4.1
Dodging        | 2 3 |  3.2
Armour         | 3 4 |  4.3
Fighting       | 4 5 |  5.0

Action                   |  1- 3 |  4- 6 || total
-------------------------+-------+-------++-------
Melee: Hand axe          |   120 |   255 ||   375
Invok: Berserk           |     1 |     3 ||     4
       Trog's Hand       |       |     1 ||     1
 Stab: Sleeping          |       |     2 ||     2
  Eat: Chunk             |     2 |     8 ||    10
Armor: Animal skin       |    32 |   105 ||   137
Dodge: Dodged            |    84 |   242 ||   326
